 Dungeon Crawl Stone Soup version 0.27.1-33-g824d729ab1 (webtiles) character file.

Game seed: 11609432913608887974

2277 Destapler the Grave Robber (level 9, -6/81 HPs)
             Began as a Deep Dwarf Necromancer on Dec 24, 2021.
             Was a High Priest of Ru.
             Mangled by Harold (23 damage)
             ... on level 7 of the Dungeon on Dec 25, 2021.
             The game lasted 00:37:11 (7196 turns).

Destapler the Grave Robber (Deep Dwarf Necromancer) Turns: 7196, Time: 00:37:11

Health: -6/81      AC: -1    Str: 11    XL:     9   Next: 16%
Magic:  12/21 (12) EV: 13    Int: 17    God:    Ru [*****.]
Gold:   308        SH:  5    Dex: 16    Spells: 10/14 levels left

rFire    + . .     SeeInvis .   C - +4 whip
rCold    + . .     Faith    .   y - +0 buckler
rNeg     . . .     Spirit   .   a - +0 robe
rPois    .         Reflect  .   (no helmet)
rElec    .         Harm     .   n - scarf {rC+ rF+}
rCorr    +         Rampage  .   (no gloves)
Will     +....                  o - +0 pair of boots
Stlth    +++.......             (no amulet)
HPRegen  0.00/turn              i - ring of magical power
MPRegen  0.17/turn              H - ring of resist corrosion

@: unable to read, very slightly contaminated
A: damage resistance, heal wounds, sense surroundings 2, inability to read while
threatened, inability to use devices, reduced AC 1, no regeneration
a: Heal Wounds, Renounce Religion, Draw Out Power, Power Leap, Apocalypse


You were on level 7 of the Dungeon.
You worshipped Ru.
Ru was extremely pleased with you.
You visited 1 branch of the dungeon, and saw 7 of its levels.

You collected 308 gold pieces.

Inventory:

Hand Weapons
 d - a +0 dagger
 e - a +0 dagger of venom
 s - a +4 short sword
 w - a +0 hand axe
 C - a +4 whip (weapon)
Missiles
 r - 6 poisoned darts
 E - 2 throwing nets
 G - 3 boomerangs
Armour
 a - a +0 robe (worn)
 n - a scarf of resistance (worn)
 o - a +0 pair of boots (worn)
 y - a +0 buckler (worn)
Jewellery
 i - a ring of magical power (left hand)
 u - a ring of flight
 H - a ring of resist corrosion (right hand)
Scrolls
 b - a scroll of noise {unknown}
 c - 2 scrolls of fog {unknown}
 g - 4 scrolls of identify
 k - a scroll of vulnerability {unknown}
 l - 2 scrolls of blinking
 p - a scroll of enchant armour {unknown}
 q - a scroll of teleportation {unknown}
 A - a scroll of magic mapping {unknown}
 B - a scroll of holy word
 F - a scroll of immolation {unknown}
 I - a scroll of fear {unknown}
Potions
 f - a potion of attraction {unknown}
 h - a potion of brilliance {unknown}
 j - a potion of might {unknown}
 m - a potion of berserk rage {unknown}
 t - a potion of flight {unknown}
 v - a potion of invisibility {unknown}
 x - 2 potions of degeneration {unknown}
 z - 2 potions of heal wounds {unknown}
 D - a potion of curing {unknown}


   Skills:
 + Level 5.0 Fighting
 - Level 3.0 Short Blades
 + Level 3.1 Axes
 + Level 3.0 Throwing
 + Level 3.1 Armour
 + Level 4.0 Dodging
 - Level 4.0 Stealth
 + Level 4.1 Shields
 - Level 3.0 Spellcasting
 - Level 6.0 Necromancy
 - Level 5.0 Invocations


You had 10 spell levels left.
You knew the following spells:

 Your Spells              Type           Power      Damage    Failure   Level
a - Pain                  Necr           88%        1d8       1%          1
b - Vampiric Draining     Necr           11%        2d7       4%          3

Your spell library contained the following spells:

 Spells                   Type           Power      Damage    Failure   Level
 Animate Skeleton         Necr           44%        N/A       1%          1
 Animate Dead             Necr           11%        N/A       14%         4
 Shock                    Conj/Air       8%         1d3       17%         1
 Slow                     Hex            2%         N/A       26%         2
 Agony                    Necr           22%        N/A       38%         5
 Confusing Touch          Hex            2%         N/A       45%         3
 Swiftness                Air            2%         N/A       45%         3
 Airstrike                Air            1%         N/A       86%         4


Dungeon Overview and Level Annotations

Branches:
Dungeon (7/15)             Temple (0/1) D:7

Altars:
Ashenzari
Dithmenos
Kikubaaqudgha
Qazlal
Ru
Sif Muna
Uskayaw
Vehumet
Xom

Shops:
D:1 (   D:5 [*[(

Annotations:
D:7 Harold


Innate Abilities, Weirdness & Mutations

You are resistant to damage.
You can heal yourself by infusing magical energy.
You passively map the area around you.
You sometimes lose the ability to read scrolls when taking damage.
You cannot study or use magical devices.
You take slightly more damage. (AC -5)
You do not regenerate.


Message History

You climb downwards.
Level annotation: Harold
There is a stone staircase leading up, spattered with blood here.
Casting: Vampiric Draining (mildly dangerous; 4% risk of failure)
Confirm with . or Enter, or press ? or * to list all spells.
Aiming: Pain (safe; 1% risk of failure)
Press: ? - help, Shift-Dir - straight line, f - Harold
Aim: Harold, wielding a +0 scimitar and wearing a +0 chain mail (chance to affect: 50%) Harold writhes in agony.
Harold begins to cast a spell, but is stunned by your conviction!
Casting: Pain (safe; 1% risk of failure)
Confirm with . or Enter, or press ? or * to list all spells.
Aiming: Pain (safe; 1% risk of failure)
Press: ? - help, Shift-Dir - straight line, f/p - Harold
Aim: Harold, wielding a +0 scimitar and wearing a +0 chain mail (lightly wounded, chance to affect: 50%) Harold resists with some effort.
Harold points at you and mumbles some strange words.
You barely resist.
Casting: Pain (safe; 1% risk of failure)
Confirm with . or Enter, or press ? or * to list all spells.
Aiming: Pain (safe; 1% risk of failure)
Press: ? - help, Shift-Dir - straight line, f/p - Harold
Aim: Harold, wielding a +0 scimitar and wearing a +0 chain mail (chance to affect: 50%)
You miscast Pain.
You are very lightly contaminated with residual magic.
Nothing appears to happen.
Harold fires a harpoon shot at you. The harpoon shot hits you!!
You feel threatened and lose the ability to read scrolls!
* * * LOW HITPOINT WARNING * * *
You are yanked forward by the harpoon shot.
You focus your inner power and blind Harold in retribution!
You draw life force from Harold.
You feel life coursing into your body. Harold hits you with a +0 scimitar!
* * * LOW HITPOINT WARNING * * *
A lemure comes into view.
Unknown command.
You miscast Vampiric Draining.
Nothing appears to happen.
Harold hits you with a +0 scimitar!!
You die...

#........##.##
+........+...##
#........⌠...⌠###
+...............#
#..........5....####
###................#
#######..⌠.o####.#
##....)@.# #
##..###@# ##.# #<#
#.# ### #.# * #.# *
#. , * * **


You could see Harold (blind), a lemure and an orc.

Vanquished Creatures
  Sigmund (D:2)
  Menkaure (D:7)
  A black bear (D:4)
  2 sky beasts
  A necrophage (D:6)
  An ogre (D:7)
  3 centaurs
  A phantom (D:4)
  3 scorpions (D:5)
  6 killer bees
  3 water moccasin skeletons
  2 jellies
  An orc priest (D:6)
  3 hounds
  A centaur skeleton (D:4)
  A gnoll shaman (D:6)
  Terence (D:2)
  4 iguanas
  2 orc wizards (D:7)
  A scorpion zombie (D:5)
  6 adders
  4 gnolls (D:6)
  An ufetubus (D:5)
  An adder skeleton (D:4)
  3 worms
  3 dart slugs
  16 orcs
  3 bats
  5 endoplasms
  A giant cockroach (D:3)
  9 hobgoblins
  3 quokkas
  3 ball pythons
  2 frilled lizards
  3 goblins
  8 kobolds
  7 rats
117 creatures vanquished.

Vanquished Creatures (others)
  A water moccasin skeleton (D:5)
  A plant (D:1)
2 creatures vanquished.

Grand Total: 119 creatures vanquished

Notes
Turn   | Place    | Note
-------+----------+-------------------------------------------
     0 | D:1      | Destapler the Deep Dwarf Necromancer began the quest for
                  | the Orb.
     0 | D:1      | Reached XP level 1. HP: 15/15 MP: 3/3
    68 | D:1      | Found a faded altar of an unknown god.
    78 | D:1      | Became a worshipper of Ru the Awakened
    84 | D:1      | Gained mutation: You cannot study or use magical devices.
                  | [Ru sacrifice]
    84 | D:1      | Reached * piety under Ru
    84 | D:1      | Reached ** piety under Ru
   217 | D:1      | Reached XP level 2. HP: 14/24 MP: 4/4
   310 | D:1      | Found Yxzusab's Weapon Emporium.
   808 | D:2      | Reached skill level 1 in Invocations
   858 | D:2      | Reached XP level 3. HP: 26/30 MP: 6/6
  1102 | D:2      | Learned a level 3 spell: Vampiric Draining
  1203 | D:2      | Noticed Sigmund
  1256 | D:2      | Noticed Terence
  1294 | D:2      | Killed Terence
  1295 | D:2      | Reached skill level 1 in Fighting
  1302 | D:2      | Reached XP level 4. HP: 38/38 MP: 7/7
  1772 | D:3      | Found a shadowy altar of Dithmenos.
  1885 | D:3      | Found a broken altar of Ashenzari.
  2387 | D:4      | Reached skill level 1 in Armour
  2446 | D:4      | Noticed a black bear
  2462 | D:4      | Killed a black bear
  2463 | D:4      | Reached skill level 1 in Short Blades
  2463 | D:4      | Reached skill level 5 in Necromancy
  2463 | D:4      | Reached XP level 5. HP: 16/45 MP: 5/8
  2660 | D:5      | Entered Level 5 of the Dungeon
  2660 | D:5      | Found Esuwepyu's Armour Emporium.
  2687 | D:5      | Gained mutation: You sometimes lose the ability to read
                  | scrolls when taking damage. [Ru sacrifice]
  2687 | D:5      | Reached *** piety under Ru
  2899 | D:4      | Reached XP level 6. HP: 47/52 MP: 8/8
  3350 | D:2      | Killed Sigmund
  3351 | D:2      | Reached XP level 7. HP: 56/63 MP: 9/9
  4092 | D:5      | Reached skill level 1 in Axes
  4136 | D:5      | Reached skill level 1 in Throwing
  4191 | D:5      | Reached skill level 1 in Shields
  4342 | D:5      | Found a shimmering altar of Xom.
  4441 | D:5      | Reached XP level 8. HP: 55/72 MP: 10/10
  4503 | D:5      | Found Jietwofuat's Weapon Emporium.
  4741 | D:5      | Found Onifeimu's General Store.
  4809 | D:5      | Found Ulomecyv's Antique Armour Shop.
  5418 | D:6      | Found a radiant altar of Vehumet.
  5418 | D:6      | Found a stormy altar of Qazlal.
  5504 | D:6      | Found an ancient bone altar of Kikubaaqudgha.
  6423 | D:6      | Found a shimmering blue altar of Sif Muna.
  6760 | D:7      | Found a staircase to the Ecumenical Temple.
  6815 | D:7      | Gained mutation: You take slightly more damage. (AC -5) [Ru
                  | sacrifice]
  6815 | D:7      | Reached **** piety under Ru
  6815 | D:7      | Reached ***** piety under Ru
  6824 | D:7      | Noticed Harold
  6825 | D:7      | Found a hide-covered altar of Uskayaw.
  6825 | D:7      | Noticed Menkaure
  6831 | D:7      | Killed Menkaure
  6832 | D:7      | Reached skill level 5 in Invocations
  6832 | D:7      | Gained mutation: You passively map the area around you.
                  | [Deep Dwarf growth]
  6832 | D:7      | Reached XP level 9. HP: 73/79 MP: 11/12
  6885 | D:6      | Reached skill level 6 in Necromancy
  7060 | D:7      | Reached skill level 5 in Fighting
  7196 | D:7      | Mangled by Harold

Illustrated notes

Levels and vault maps discovered:
D:1:      dpeg_arrival_simpleton_c, layout_rooms,
          shapermc_ecumenical_altar_acropolis, serial_shops, shop_statue
D:2:      layout_basic, uniq_sigmund, uniq_terence
D:3:      layout_basic, old_standard_altar, nicolae_ashenzari_skybound
D:4:      layout_basic
D:5:      layout_basic, mainiacjoe_overflow_six_doors_small, serial_shops,
          nicolae_square_shop, shop_fountains, nicolae_stop_n_shop_1,
          nicolae_shop_temple_entry_statues_fountains,
          kennysheep_decorative_pillar, minmay_bent
D:6:      layout_loops_cross, lemuel_blue_sif_altar,
          gammafunk_temple_overflow_claw
D:7:      layout_basic, mainiacjoe_overflow_chevrons,
          minmay_temple_entry_offerings, grunt_ministairs_1, uniq_pikel,
          uniq_menkaure, uniq_harold

Skill      XL: |  1  2  3  4  5  6  7  8  9 |
---------------+----------------------------+-----
Spellcasting   | 2 3 |  3.0
Stealth        | 3 4 |  4.0
Invocations    | 1 2 3 5 |  5.0
Fighting       | 1 2 3 4 5 |  5.0
Dodging        | 3 4 |  4.0
Armour         | 1 2 3 |  3.1
Short Blades   | 1 3 |  3.0
Necromancy     | 5 6 |  6.0
Axes           | 1 2 3 |  3.1
Throwing       | 1 2 3 |  3.0
Shields        | 1 4 |  4.1

Action                   |  1- 3 |  4- 6 |  7- 9 || total
-------------------------+-------+-------+-------++-------
Melee: Dagger            |    30 |     8 |       ||    38
       Unarmed           |     1 |       |       ||     1
       Short sword       |       |    33 |    52 ||    85
       Whip              |       |       |    23 ||    23
Throw: Dart              |       |     1 |     2 ||     3
 Cast: Pain              |    40 |    30 |    65 ||   135
       Vampiric Draining |     1 |    15 |    73 ||    89
Invok: Sacrifice Artific |     1 |       |       ||     1
       Sacrifice Words   |       |     1 |       ||     1
       Sacrifice Health  |       |       |     1 ||     1
 Abil: Heal Wounds       |     2 |     1 |       ||     3
  Use: Potion            |       |     1 |       ||     1
       Scroll            |       |       |     3 ||     3
 Stab: Sleeping          |     3 |     9 |     2 ||    14
       Distracted        |       |       |     1 ||     1
Armor: Robe              |     5 |     6 |    14 ||    25
       Skin              |       |     7 |       ||     7
Dodge: Dodged            |    30 |    29 |    96 ||   155
Block: Buckler           |       |       |    32 ||    32
